 Dungeon Crawl Stone Soup version 0.30-a0-141-g30f27751c5 (webtiles) character file.

Game seed: 9988012910189500959

158 qw the Chopper (level 5, -6/32 HPs)
             Began as a Gargoyle Fighter on Sept 25, 2022.
             Killed from afar by Ijyb (26 damage)
             ... with a bolt of dispelling energy
             ... on level 3 of the Dungeon.
             The game lasted 00:00:51 (2313 turns).

qw the Chopper (Gargoyle Fighter)                   Turns: 2313, Time: 00:00:51

Health: -6/32      AC: 12    Str: 22    XL:     5   Next: 39%
Magic:  5/5        EV:  9    Int:  8    God:
Gold:   164        SH:  4    Dex:  9    Spells: 4/4 levels left

rFire   . . .      SeeInvis .    Y - +0 war axe
rCold   . . .      Faith    .    c - +0 buckler
rNeg    + + .      Spirit   .    b - +0 scale mail
rPois   inf        Reflect  .    (no helmet)
rElec   +          Harm     .    (no cloak)
rCorr   +          Rampage  .    f - +0 pair of gloves
Will    .....                    (no boots)
Stlth   ..........               j - amulet "Ygyapedd" {rN+ Regen+ rCorr}
HPRegen 0.90/turn                (no ring)
MPRegen 0.09/turn                (no ring)

@: no status effects
A: sickness immunity, AC +4, negative energy resistance 1, electricity
resistance, torment resistance 1, petrification resistance
a: no special abilities


You were on level 3 of the Dungeon.
You visited 1 branch of the dungeon, and saw 3 of its levels.

You collected 164 gold pieces.


Innate Abilities, Weirdness & Mutations

You are immune to sickness and miasma.
Your stone body is resilient. (AC +4)
You are immune to poison.
You resist negative energy. (rN+)
You are resistant to electric shocks. (rElec)
You are resistant to unholy torment.
You are immune to petrification.


   Skills:
 - Level 3.2 Fighting
 + Level 4.9 Axes
 - Level 3.2 Armour
 - Level 3.2 Shields


You had 4 spell levels left.
You didn't know any spells.
Your spell library was empty.

Inventory:

Hand Weapons
 k - a +0 whip
 Y - a +0 war axe (weapon)
Armour
 b - a +0 scale mail (worn)
 c - a +0 buckler (worn)
 f - a +0 pair of gloves (worn)
 g - a +0 chain mail
 m - a +0 helmet
Jewellery
 j - the amulet "Ygyapedd" (around neck) {rN+ Regen+ rCorr}
   (You found it on level 2 of the Dungeon)

   [amulet of regeneration]

   rN:        It protects you from negative energy.
   Regen:     It increases your rate of health regeneration.
   rCorr:     It protects you from acid and corrosion.
Scrolls
 i - 3 scrolls of identify
Potions
 a - a potion of invisibility
 d - a potion of might
 e - a potion of haste {unknown}
 l - a potion of flight {unknown}

Dungeon Overview and Level Annotations

Branches:
Dungeon (3/15)

Altars:

Annotations:
D:3 Ijyb


Message History

The adder barely misses you. The adder bites you but does no damage.
You miss the adder.
The adder is lightly wounded.
The adder barely misses you.
You closely miss the adder.
The adder is lightly wounded.
The adder bites you. You block the adder's attack.
You slash the adder!
The adder is almost dead.
The adder bites you but does no damage. The adder closely misses you.
You slash the adder!
You kill the adder!
A rat comes into view.
Enter note: You slash the rat!
You kill the rat!
Ijyb the Twisted Goblin comes into view.
She is wielding a +0 club and carrying a wand of quicksilver (12).
Found 3 poisoned darts.
Ijyb zaps a wand.
The bolt of dispelling energy hits you!
2296 ||| FLEEEEING.
There is an open door here.
2300 ||| FLEEEEING.
2301 ||| FLEEEEING.
2302 ||| FLEEEEING.
Found a scroll labelled MUSTAP GIPPO.
2303 ||| FLEEEEING.
2304 ||| FLEEEEING.
2305 ||| FLEEEEING.
Ijyb zaps a wand.
The bolt of dispelling energy hits you!
2307 ||| FLEEEEING.
Ijyb screams, "Me kill you!"
Ijyb zaps a wand.
The bolt of dispelling energy hits you.
2308 ||| FLEEEEING.
2309 ||| FLEEEEING.
2310 ||| FLEEEEING.
2311 ||| FLEEEEING.
A worm comes into view.
Ijyb zaps a wand.
The bolt of dispelling energy hits you!!
Ouch! That really hurt!
You die...

##############.#)###.#
#.# # #.#w....# #.# #
#.#.########.# #
#.#.#.#......### #
.... #.#.#).........#
# .....
#.#.#.#.######.# ..?..
#.#.#.#.# #.# .....
#.#.#.#.# #.# ..
....##.#@#.#.# #.# .#
#.......#.# #.# .#
#...%...#.# #.# .#
#....g..#.# #.# .#
#.......# #.# #####.#
#.......# #.# ..)...#
#.......# #.#
..)...######.......#
#.#
..........##.......#
#.#


You could see Ijyb and a worm.

Vanquished Creatures
  A scorpion (D:3)
  Robin (D:3)
  3 adders (D:3)
  6 orcs
  5 bats
  4 endoplasms
  A giant cockroach (D:2)
  9 goblins
  8 hobgoblins
  2 quokkas
  3 ball pythons
  3 frilled lizards
  A kobold (D:3)
  5 rats
52 creatures vanquished.

Notes
Turn   | Place    | Note
-------+----------+-------------------------------------------
     0 | D:1      | qw the Gargoyle Fighter began the quest for the Orb.
     0 | D:1      | Reached XP level 1. HP: 14/14 MP: 1/1
     0 | D:1      | 0 ||| qw: Version: 0.2-a-9-ge00f85e
     0 | D:1      | 0 ||| qw: Game counter: 98
     0 | D:1      | 0 ||| qw: Always use a shield: true
     0 | D:1      | 0 ||| qw: God list: Okawaru
     0 | D:1      | 0 ||| qw: Allow faded altars: false
     0 | D:1      | 0 ||| qw: Do Orc after D:15 true
     0 | D:1      | 0 ||| qw: Do second Lair branch before Depths: true
     0 | D:1      | 0 ||| qw: Lair rune preference: random
     0 | D:1      | 0 ||| qw: Plans: Normal, Zot:1-4, God:TSO, Crypt, Tomb,
                  | Pan, Slime:5, Hells, Abyss, Orb
     0 | D:1      | 0 ||| PLANNING D:1-11
   167 | D:1      | Reached skill level 2 in Axes
   225 | D:1      | 225 ||| Stepping ~*~*~tactically~*~*~ (stealth).
   226 | D:1      | 226 ||| Stepping ~*~*~tactically~*~*~ (stealth).
   565 | D:1      | Reached XP level 2. HP: 19/19 MP: 2/2
   946 | D:1      | 946 ||| UPGRADING to +0 pair of gloves.
   951 | D:1      | 951 ||| READING scroll labelled EBLIFUGIKK.
   952 | D:1      | 952 ||| READING scroll labelled SODERA YLACA.
  1178 | D:2      | Identified the amulet "Ygyapedd" {rN+ Regen+ rCorr}
  1666 | D:2      | Reached skill level 3 in Axes
  1783 | D:2      | 1783 ||| DROPPING orb of energy.
  1784 | D:2      | 1784 ||| UPGRADING to amulet "Ygyapedd" {rN+ Regen+ rCorr}.
  1789 | D:2      | 1789 ||| READING scroll labelled ZEOB DUCAOL.
  1790 | D:2      | 1790 ||| READING scroll labelled QICWITS YCHO.
  1818 | D:3      | 1818 ||| STAIRDANCE
  1822 | D:2      | Reached XP level 3. HP: 23/23 MP: 3/3
  1824 | D:3      | 1824 ||| STAIRDANCE
  1932 | D:3      | Noticed Robin
  1933 | D:3      | 1933 ||| Stepping ~*~*~tactically~*~*~ (stealth).
  1941 | D:3      | 1941 ||| Stepping ~*~*~tactically~*~*~ (stealth).
  1942 | D:3      | 1942 ||| Stepping ~*~*~tactically~*~*~ (hiding).
  1943 | D:3      | 1943 ||| Stepping ~*~*~tactically~*~*~ (hiding).
  1952 | D:3      | Killed Robin
  1958 | D:3      | Reached XP level 4. HP: 22/28 MP: 4/4
  1973 | D:3      | 1973 ||| DROPPING +0 club.
  2008 | D:3      | Reached skill level 4 in Axes
  2054 | D:3      | 2054 ||| Stepping ~*~*~tactically~*~*~ (stealth).
  2057 | D:3      | Noticed a scorpion
  2069 | D:3      | Killed a scorpion
  2070 | D:3      | Reached XP level 5. HP: 29/32 MP: 5/5
  2071 | D:3      | 2071 ||| Stepping ~*~*~tactically~*~*~ (stealth).
  2072 | D:3      | 2072 ||| Stepping ~*~*~tactically~*~*~ (stealth).
  2295 | D:3      | Noticed Ijyb
  2296 | D:3      | 2296 ||| FLEEEEING.
  2300 | D:3      | 2300 ||| FLEEEEING.
  2301 | D:3      | 2301 ||| FLEEEEING.
  2302 | D:3      | 2302 ||| FLEEEEING.
  2303 | D:3      | 2303 ||| FLEEEEING.
  2304 | D:3      | 2304 ||| FLEEEEING.
  2305 | D:3      | 2305 ||| FLEEEEING.
  2307 | D:3      | 2307 ||| FLEEEEING.
  2308 | D:3      | 2308 ||| FLEEEEING.
  2309 | D:3      | 2309 ||| FLEEEEING.
  2310 | D:3      | 2310 ||| FLEEEEING.
  2311 | D:3      | 2311 ||| FLEEEEING.
  2313 | D:3      | Killed from afar by Ijyb

Levels and vault maps discovered:
D:1:      dpeg_arrival_tiny_k, layout_basic, chequers_serial_rivers_micro_a
D:2:      layout_loops_ring, nicolae_kite_square_tiling_tiny, kennysheep_donut
D:3:      layout_basic, nicolae_overflow_hidden_temple, uniq_robin, uniq_ijyb

Skill      XL: |  1  2  3  4 |
---------------+-------------+-----
Axes           | 2 3 4 |  4.9
Fighting       | |  3.2
Armour         | |  3.2
Shields        | |  3.2

Action                   |  1- 3 |  4- 6 || total
-------------------------+-------+-------++-------
Melee: War axe           |   107 |    62 ||   169
Throw: Boomerang         |     4 |    10 ||    14
  Use: Scroll            |     4 |       ||     4
Armor: Scale mail        |    63 |    41 ||   104
Dodge: Dodged            |    53 |    25 ||    78
Block: Buckler           |    20 |    13 ||    33

Table legend:
 A = Non-vault XP
 B = Vault XP
 C = Vault XP percentage of total XP
 D = Non-vault monster count
 E = Vault monster count
 F = Vault count percentage of total count
                 A         B        C        D         E       F
            +---------+---------+-------+---------+---------+-------
      Total |     186 |      40 |  17.7 |      39 |      13 |  25.0
            +---------+---------+-------+---------+---------+-------
        D:1 |      14 |       0 |   0.0 |       9 |       0 |   0.0
        D:2 |      28 |       0 |   0.0 |      15 |       0 |   0.0
        D:3 |     144 |      40 |  21.7 |      15 |      13 |  46.4
            +---------+---------+-------+---------+---------+-------
